 Dungeon Crawl Stone Soup version 0.20-a0-809-gaf7f668 (webtiles) character file.

213 Aksej the Sneak (level 5, 0/38 HPs)
             Began as an Octopode Assassin on Mar 3, 2017.
             Slain by an orc wizard
             ... wielding a +0 dagger
              (4 damage)
             ... on level 5 of the Dungeon.
             The game lasted 00:07:32 (2748 turns).

Aksej the Sneak (Octopode Assassin)                 Turns: 2748, Time: 00:07:33

Health: 0/38       AC:  1    Str: 10    XL:     5   Next: 90%
Magic:  5/5        EV: 13    Int: 14    God:
Gold:   61         SH:  4    Dex: 14    Spells: 4/4 levels left

rFire    . . .     SeeInvis +   a - +3 dagger
rCold    . . .     Gourm    .   (no shield)
rNeg     . . .     Faith    .   (helmet restricted)
rPois    .         Spirit   .   (no amulet)
rElec    .         Reflect  .   (no ring)
rCorr    .         Harm     .   (no ring)
MR       .....                  (no ring)
Stlth    +++++.....             (no ring)
Regen    0.2/turn               (no ring)
MPRegen  0.1/turn               (no ring)
                                (no ring)
                                (no ring)

@: drained
A: almost no armour, stealthy swim, amphibious, 8 rings, constrict 8, tentacle
spike 1, large bone plates 1, camouflage 1, see invisible, robust 1, gelatinous
body 1
a: no special abilities


You were on level 5 of the Dungeon.
You were not hungry.

You visited 1 branch of the dungeon, and saw 5 of its levels.

You collected 165 gold pieces.
You spent 104 gold pieces at shops.

Inventory:

Hand Weapons
 a - a +3 dagger (weapon)
 b - a +0 blowgun
Missiles
 c - 19 poisoned needles
 d - 2 curare-tipped needles
 i - 12 tomahawks (quivered)
Wands
 m - a wand of random effects (11/48)
Scrolls
 h - 3 scrolls of teleportation
 j - a scroll of enchant armour
 n - 3 scrolls of identify
 o - a scroll of fog
 q - 3 scrolls of magic mapping
Potions
 e - a potion of flight
 k - a potion of lignification
 p - 2 potions of curing
Books
 l - a book of Misfortune

   Spells                             Type                      Level
   a - Confusing Touch                Hexes                        1
   b - Confuse                        Hexes                        3
   c - Gell's Gravitas                Translocation                3
   d - Petrify                        Transmutation/Earth          4
   e - Metabolic Englaciation         Hexes/Ice                    5
   f - Yara's Violent Unravelling     Hexes/Transmutation          5
Comestibles
 f - 2 bread rations


   Skills:
 + Level 2.3(2.2) Fighting
 * Level 3.6(3.5) Short Blades
 + Level 2.4(2.3) Throwing
 + Level 1.3(1.2) Dodging
 + Level 7.9(7.8) Stealth


You had 4 spell levels left.
You didn't know any spells.

Dungeon Overview and Level Annotations

Branches:
Dungeon (5/15)
 Temple: D:4-7

Altars:
Makhleb
Xom

Shops:
D:4 !


Innate Abilities, Weirdness & Mutations

You cannot wear most types of armour.
You are very stealthy in the water. (Stealth+)
You are amphibious.
You can wear up to eight rings at the same time.
You can use your tentacles to constrict eight enemies at once.
Your skin changes colour to match your surroundings (Stealth+).
Your rubbery body absorbs attacks. (AC +1, EV +1)
One of your tentacles bears a spike.
You are partially covered in large bone plates. (SH +4)
You have supernaturally acute eyesight. (SInv)
You are robust. (+10% HP)


Message History

The orc wizard is severely wounded.
You constrict the orc wizard.
The orc wizard gestures at you while chanting.
The puff of frost hits you! The orc priest barely misses you.
You hit the orc wizard.
You kill the orc wizard!
The orc priest casts a cantrip, but nothing happens.
You barely miss the orc priest. Your grab misses the orc priest.
The orc priest closely misses you.
You completely miss the orc priest. Your grab misses the orc priest.
The orc wizard casts a spell.
The orc wizard blinks!
You hit the orc priest but do no damage.
You grab the orc priest.
You constrict the orc priest, but do no damage.
The orc priest calls down the wrath of Beogh upon you.
Beogh smites you!
* * * LOW HITPOINT WARNING * * *
The orc wizard hits you with a dagger.
You die...

#..######
#..# #..#
#..# #..#
#..# #..#
#########?.#
#o@..).....#
#o#######.##
#ยง #.# #.
..# #. ###
#. #. #(


You could see an orc priest and an orc wizard.

Vanquished Creatures
  2 orc wizards
  6 adders
  An ooze (D:2)
  3 worms
  3 dart slugs
  4 leopard geckos
  8 orcs
  2 giant cockroaches (D:3)
  9 goblins
  7 hobgoblins
  4 jackals (D:2)
  8 kobolds
  A ball python skeleton (D:4)
  5 bats
  4 frilled lizards
  5 rats
72 creatures vanquished.

Notes
Turn   | Place    | Note
-------+----------+-------------------------------------------
     0 | D:1      | Aksej the Octopode Assassin began the quest for the Orb.
     0 | D:1      | Reached XP level 1. HP: 14/14 MP: 1/1
   146 | D:1      | Reached XP level 2. HP: 19/19 MP: 2/2
   275 | D:1      | Reached skill level 6 in Stealth
   347 | D:1      | Reached XP level 3. HP: 13/24 MP: 3/3
   511 | D:2      | Found a shimmering altar of Xom.
   736 | D:2      | Reached skill level 7 in Stealth
   736 | D:2      | Reached XP level 4. HP: 23/29 MP: 4/4
  1135 | D:3      | HP: 1/29 [orc/mace of protection (5)]
  1225 | D:3      | Reached XP level 5. HP: 21/34 MP: 5/5
  1890 | D:4      | Found Hoxyt's Distillery.
  1905 | D:4      | Bought a potion of mutation for 104 gold pieces
  1905 | D:4      | Gained mutation: You are robust. (+10% HP) [potion of mutation]
  1905 | D:4      | Gained mutation: You have supernaturally acute eyesight. (SInv) [potion of mutation]
  1905 | D:4      | Gained mutation: You are partially covered in large bone plates. (SH +4) [potion of mutation]
  1905 | D:4      | Gained mutation: One of your tentacles bears a spike. [potion of mutation]
  2611 | D:5      | Entered Level 5 of the Dungeon
  2667 | D:5      | Found a burning altar of Makhleb.
  2748 | D:5      | Slain by an orc wizard

Vault maps used:
D:1:      dpeg_arrival_lava_temple_mockup
D:2:      first_bread, minmay_curled_crystal, minmay_crystal_room,
          xom_teletrap_fun
D:4:      serial_shops, shop
D:5:      overflow_temple_1_default, lemuel_doored_altar, serial_shops, shop

Skill      XL: |  1  2  3  4  5 |
---------------+----------------+-----
Stealth        | 6 7 |  7.9
Short Blades   | 3 |  3.6
Fighting       | |  2.3
Throwing       | |  2.4
Dodging        | |  1.3

Action                   |  1- 3 |  4- 6 || total
-------------------------+-------+-------++-------
Melee: Dagger            |    67 |    68 ||   135
       Constrict         |    17 |    14 ||    31
       Tentacles         |    11 |     9 ||    20
       Kick              |       |     5 ||     5
 Fire: Blowgun           |     4 |     3 ||     7
  Use: Scroll            |     8 |     5 ||    13
       Potion            |       |     4 ||     4
 Stab: Sleeping          |    11 |    17 ||    28
       Distracted        |       |     1 ||     1
  Eat: Chunk             |       |     4 ||     4
       Bread ration      |       |     1 ||     1
Armor: Skin              |     7 |     2 ||     9
Dodge: Dodged            |    26 |    21 ||    47
Block: Other             |       |     3 ||     3
